 Dungeon Crawl Stone Soup version 0.18-a0-1685-g4482fe3 (webtiles) character file.

69467 4thArraOfDagon the Executioner (level 15, -4/198 HPs)
             Began as a Hill Orc Berserker on Apr 4, 2016.
             Was a High Priest of Trog.
             Slain by a merfolk
             ... wielding a +0 trident
              (15 damage)
             ... on level 4 of the Shoals.
             The game lasted 00:45:22 (7872 turns).

4thArraOfDagon the Executioner (Hill Orc Berserker) Turns: 7872, Time: 00:45:23

Health: -4/198     AC: 27    Str: 36    XL:     15   Next: 30%
Magic:  14/15      EV:  8    Int:  7    God:    Trog [*****.]
Gold:   632        SH:  3    Dex: 15    Spells: 0 memorised, 14 levels left

rFire  . . .     SeeInvis +     k - +2 broad axe (vamp)
rCold  . . .     Gourm    .     m - +0 plate armour
rNeg   . . .     Faith    .     f - +0 buckler of the Dungeon {+Fly Str+4 Slay+2}
rPois  +         Spirit   .     C - +1 hat {SInv}
rElec  +         Dismiss  .     w - +1 cloak {MR+}
rCorr  .         Reflect  .     O - +0 pair of gloves of Vitrux {Dex+5 Stlth+}
SustAt .         Harm     .     V - +0 pair of boots
MR     +++++     Clarity  +     g - amulet of regeneration
Stlth  .......... Rnd*Tele +    A - +5 ring of protection
                                K - ring of flight

@: berserking, flying, regenerating, very quick, almost entirely resistant to
hostile enchantments, extremely unstealthy
A: icy blue scales 1, berserk 1, blurry vision 1, clarity, magic resistance 1,
poison resistance, electricity resistance, teleportitis 1
a: Berserk, Trog's Hand, Brothers in Arms, Burn Spellbooks, Renounce Religion,
Stop Flying


You were on level 4 of the Shoals.
You worshipped Trog.
Trog was extremely pleased with you.
You were full.

You visited 4 branches of the dungeon, and saw 27 of its levels.
You visited 1 bazaar.
You also visited: Ice Cave and Volcano.

You collected 1709 gold pieces.
You spent 1077 gold pieces at shops.

Inventory:

Hand Weapons
 k - a +2 vampiric broad axe (weapon)
 T - a +2 antimagic executioner's axe
 W - a +1 vampiric battleaxe
 Z - a +3 antimagic battleaxe
Missiles
 u - 4 curare-tipped needles
 M - 4 tomahawks of dispersal (quivered)
Armour
 f - the +0 buckler of the Dungeon (worn) {+Fly Str+4 Slay+2}
   (You found it on level 7 of the Dungeon)

   It affects your strength (+4).
   It affects your accuracy and damage with ranged weapons and melee attacks
   (+2).
   It lets you fly.
 m - a +0 plate armour (worn)
 w - a +1 cloak of magic resistance (worn)
 C - a +1 hat of see invisible (worn)
 N - a troll hide
 O - the +0 pair of gloves of Vitrux (worn) {Dex+5 Stlth+}
   (You bought it in a shop in a bazaar)

   It affects your dexterity (+5).
   It makes you more stealthy.
 V - a +0 pair of boots (worn)
Rods
 y - a +2 lightning rod (11/11)
   (You found it on level 8 of the Lair of Beasts)
Jewellery
 e - an uncursed ring of positive energy
 g - an amulet of regeneration (around neck)
 A - a +5 ring of protection (right hand)
 E - an uncursed ring of poison resistance
 H - a +2 ring of protection
 K - a ring of flight (left hand)
Wands
 b - a wand of digging (9/24)
 d - a wand of acid (6/15)
 j - a wand of flame (13/48)
 o - a wand of random effects (33/48)
 r - a wand of flame (34/48)
 J - a wand of slowing (48/48)
Scrolls
 h - 5 scrolls of remove curse
 l - 2 scrolls of recharging
 p - 2 scrolls of fog
 I - 3 scrolls of enchant armour
 P - 3 scrolls of blinking
 Q - 2 scrolls of teleportation
 R - 2 scrolls of enchant weapon
Potions
 a - a potion of beneficial mutation {unknown}
 n - 5 potions of might {unknown}
 q - 3 potions of magic
 s - 5 potions of heal wounds {unknown}
 t - a potion of lignification
 v - 2 potions of haste
 z - 7 potions of curing
 B - 4 potions of brilliance
 L - 2 potions of berserk rage
 S - 3 potions of cancellation
 U - a potion of cure mutation {unknown}
Books
 i - a book of Power

   Spells                             Type                      Level
   a - Fulminant Prism                Conjuration/Hexes            4
   b - Iskenderun's Mystic Blast      Conjuration                  4
   c - Venom Bolt                     Conjuration/Poison           5
   d - Bolt of Magma                  Conjuration/Fire/Earth       5
   e - Iron Shot                      Conjuration/Earth            6
   f - Orb of Destruction             Conjuration                  7
   g - Spellforged Servitor           Conjuration/Summoning        7
   Trog disapproves of the use of such an item.
 x - a book of Clouds

   Spells                             Type                      Level
   a - Mephitic Cloud                 Conjuration/Poison/Air       3
   b - Conjure Flame                  Conjuration/Fire             3
   c - Poisonous Cloud                Conjuration/Poison/Air       6
   d - Freezing Cloud                 Conjuration/Ice/Air          6
   e - Ring of Flames                 Charms/Fire                  7
   Trog disapproves of the use of such an item.
 F - a book of the Earth

   Spells                             Type                      Level
   a - Leda's Liquefaction            Hexes/Earth                  4
   b - Bolt of Magma                  Conjuration/Fire/Earth       5
   c - Statue Form                    Transmutation/Earth          6
   d - Iron Shot                      Conjuration/Earth            6
   e - Shatter                        Earth                        9
   Trog disapproves of the use of such an item.
 G - a book of Power

   Spells                             Type                      Level
   a - Fulminant Prism                Conjuration/Hexes            4
   b - Iskenderun's Mystic Blast      Conjuration                  4
   c - Venom Bolt                     Conjuration/Poison           5
   d - Bolt of Magma                  Conjuration/Fire/Earth       5
   e - Iron Shot                      Conjuration/Earth            6
   f - Orb of Destruction             Conjuration                  7
   g - Spellforged Servitor           Conjuration/Summoning        7
   Trog disapproves of the use of such an item.
Comestibles
 c - 8 bread rations
 D - 5 meat rations
 X - 15 fruits


   Skills:
 + Level 11.8 Fighting
 - Level 26.0 Axes
 + Level 10.5 Armour
 - Level 1.5 Dodging


You had 14 spell levels left.
You didn't know any spells.

Dungeon Overview and Level Annotations

Branches:
Dungeon (13/15) Lair (8/8) D:9 Shoals (4/4) Lair:5 Snake (0/4) Lair:5 Orc (2/2) D:12 Elf (0/3) Orc:2 Vaults (0/5) D:12 D:13 Temple: D:4-7 Slime: Lair:6-8

Altars:
Dithmenos
Elyvilon
Fedhas
Gozag
Makhleb
Ru
Sif Muna
Trog
Xom

Shops:
D:10 *   Orc:1 :   Orc:2 (*%(*}(

Annotations:
D:13 Frances, Norris


Innate Abilities, Weirdness & Mutations

You are partially covered in icy blue scales (AC +1).
You tend to lose your temper in combat.
Scrolls take you a little longer to read.
You possess an exceptional clarity of mind.
You are resistant to hostile enchantments.
Your system is resistant to poisons.
You are resistant to electric shocks.
You are occasionally teleported next to monsters.


Message History

Really read with blurry vision while enemies are nearby? [Y]es or [N]o only, please.
Really read with blurry vision while enemies are nearby? [Y]es or [N]o only, please.
Really read with blurry vision while enemies are nearby? [Y]es or [N]o only, please.
Really read with blurry vision while enemies are nearby? [Y]es or [N]o only, please.
Really read with blurry vision while enemies are nearby? [Y]es or [N]o only, please.
Really read with blurry vision while enemies are nearby?
Okay, then.
Unknown command.
Unknown command.
A red film seems to cover your vision as you go berserk!
You feel yourself moving faster!
You feel mighty!
You feel somewhat less full. The water nymph touches you.
The water nymph drowns you!
* * * LOW HITPOINT WARNING * * *
The merfolk hits you with a trident!
You die...

≈≈≈≈≈≈≈≈≈≈≈≈≈≈.
≈≈≈≈≈≈≈≈≈≈≈≈≈...
≈≈≈≈≈≈≈≈≈≈≈≈....
≈≈≈≈≈≈≈≈≈≈≈≈....
≈≈≈≈≈≈≈≈≈≈≈.....
≈≈≈≈≈≈≈≈≈≈≈.....
≈≈≈≈≈≈≈≈≈≈.....≈
≈≈≈≈≈≈≈≈≈.......
≈≈≈≈≈≈≈@........
##....mm...)..(.
..#....###...!..
.#.#... #......
..#.#.. #......
≈!..#.$ .......
≈≈. #.. .......
≈# #.≈ .......


You could see a merfolk and a water nymph.

Vanquished Creatures
  Rupert (Orc:2)
  Gastronok (D:8)
  Donald (D:12)
  The ghost of 4thArraOfDagon the Severer, a journeyman HOBe of Trog (Orc:2)
  A fire dragon (Volcano)
  A merfolk impaler (Shoals:3)
  2 ogre magi (Orc:2)
  A merfolk avatar (Shoals:4)
  Erica (D:8)
  An alligator snapping turtle (Shoals:3)
  Urug (Lair:1)
  A wizard (D:11)
  4 sea snakes
  2 deep trolls (Orc:2)
  An unseen horror (D:12)
  6 hill giants
  Pikel (D:7)
  A harpy (Shoals:3)
  2 griffons
  2 orc sorcerers (Orc:2)
  A deep elf mage (D:12)
  4 fauns (Shoals:2)
  3 manticores
  3 cyclopes
  7 black mambas
  Maurice (D:11)
  Joseph (D:7)
  A siren (Shoals:4)
  2 gargoyles
  A water nymph (Shoals:3)
  7 spiny frogs
  2 torpor snails
  A molten gargoyle (Volcano)
  10 komodo dragons
  4 merfolk
  6 two-headed ogres (Orc:2)
  8 polar bears (Lair:8)
  8 blink frogs
  10 trolls
  4 raiju (Lair:8)
  A shadow (D:11)
  A water elemental (Shoals:2)
  3 fire bats (Volcano)
  38 yaks
  2 basilisks (Lair:3)
  6 humans (D:12)
  4 hippogriffs
  A hungry ghost (D:12)
  3 mottled dragons (Volcano)
  A steam dragon (D:11)
  8 wargs
  A soldier ant (D:12)
  12 water moccasins
  7 porcupines
  4 hell hounds (Lair:8)
  3 ice beasts
  8 orc warriors
  2 slaves (D:7)
  16 black bears
  2 phantoms
  An eye of draining (D:12)
  20 ogres
  10 wolves (Lair:8)
  2 centaurs
  10 crocodiles
  3 big kobolds
  9 giant frogs
  A gnoll sergeant (D:7)
  A wyvern zombie (D:7)
  A wyvern skeleton (D:11)
  Dowan (D:4)
  2 scorpions
  14 wights
  3 howler monkeys
  A crimson imp (D:12)
  2 centaur zombies
  2 jellies
  14 hounds
  A gnoll shaman (Orc:2)
  12 orc priests
  14 orc wizards
  Natasha (D:4)
  An iguana (D:9)
  7 worker ants
  22 sheep
  A hound skeleton (D:8)
  2 worker ant zombies (D:6)
  10 gnolls
  8 adders
  34 river rats
  2 shadow imps
  12 white imps (D:11)
  An adder zombie (D:5)
  A dart slug (D:3)
  2 giant geckos (D:5)
  44 orcs
  A giant cockroach (D:2)
  A goblin (D:2)
  A hobgoblin (D:2)
  7 jackals
  2 quokkas
  A giant newt (D:7)
  16 kobolds
  2 fungi
  10 plants
552 creatures vanquished.

Vanquished Creatures (collateral kills)
  Jorgrun (Shoals:3)
  The ghost of Chiseanne the Cleaver, an adept DsMo of Makhleb (Shoals:4)
  A merfolk impaler (Shoals:3)
  3 hydras
  A griffon (Shoals:3)
  A siren (Shoals:4)
  A black mamba (Lair:5)
  A water nymph (Shoals:3)
  A merfolk (Shoals:3)
  A hippogriff (Lair:8)
  A water moccasin (Lair:5)
  An orc (Orc:2)
  A fungus (Lair:4)
15 creatures vanquished.

Vanquished Creatures (others)
  3 orc wizards (Orc:2)
  An orc (Orc:2)
  3 fungi
  10 plants
17 creatures vanquished.

Grand Total: 584 creatures vanquished

Notes
Turn   | Place    | Note
--------------------------------------------------------------
     0 | D:1      | 4thArraOfDagon the Hill Orc Berserker began the quest for the Orb.
     0 | D:1      | Reached XP level 1. HP: 19/19 MP: 1/1
    99 | D:2      | Found an opulent altar of Gozag.
   113 | D:2      | wasted good armor
   138 | D:2      | Found a white marble altar of Elyvilon.
   358 | D:4      | Noticed Dowan
   360 | D:4      | Noticed a worker ant
   363 | D:4      | Noticed Natasha
   387 | D:4      | Killed a worker ant
   387 | D:4      | Reached skill level 5 in Axes
   387 | D:4      | Reached XP level 2. HP: 26/26 MP: 2/2
   387 | D:4      | Reached XP level 3. HP: 31/31 MP: 3/3
   392 | D:4      | Killed Natasha
   392 | D:4      | Reached skill level 6 in Axes
   392 | D:4      | Reached XP level 4. HP: 24/39 MP: 4/4
   536 | D:4      | Killed Dowan
   536 | D:4      | Reached skill level 7 in Axes
   536 | D:4      | Reached XP level 5. HP: 45/45 MP: 5/5
   598 | D:5      | Entered Level 5 of the Dungeon
   611 | D:5      | Reached skill level 8 in Axes
   695 | D:5      | Reached XP level 6. HP: 43/51 MP: 6/6
   708 | D:5      | Found a sacrificial altar of Ru.
   798 | D:7      | Noticed a phantom
   805 | D:7      | Reached ** piety under Trog
   806 | D:7      | Reached skill level 9 in Axes
   879 | D:6      | Reached skill level 10 in Axes
   879 | D:6      | Reached XP level 7. HP: 52/57 MP: 7/7
  1044 | D:7      | Reached skill level 11 in Axes
  1074 | D:7      | Got a distressingly furry buckler
  1090 | D:7      | Noticed Pikel
  1109 | D:7      | Killed Pikel
  1109 | D:7      | Reached skill level 12 in Axes
  1109 | D:7      | Reached XP level 8. HP: 64/64 MP: 8/8
  1123 | D:6      | Identified the cursed +0 buckler of the Dungeon {+Fly Str+4 Slay+2} (You found it on level 7 of the Dungeon)
  1146 | D:6      | Reached skill level 13 in Axes
  1253 | D:6      | Found a shadowy altar of Dithmenos.
  1285 | D:7      | Noticed Joseph
  1301 | D:7      | Killed Joseph
  1301 | D:7      | Reached skill level 14 in Axes
  1301 | D:7      | Reached XP level 9. HP: 70/70 MP: 9/9
  1609 | D:8      | Noticed Erica
  1621 | D:8      | Killed Erica
  1621 | D:8      | Reached skill level 15 in Axes
  1676 | D:8      | Reached skill level 16 in Axes
  1838 | D:9      | Reached XP level 10. HP: 77/77 MP: 10/10
  1874 | D:9      | Found a bloodstained altar of Trog.
  1964 | D:9      | Reached skill level 17 in Axes
  1993 | D:9      | Found a staircase to the Lair.
  2067 | D:8      | Found a shimmering altar of Xom.
  2082 | D:8      | Reached *** piety under Trog
  2096 | D:8      | Noticed Gastronok
  2144 | D:8      | Killed Gastronok
  2144 | D:8      | Reached skill level 18 in Axes
  2326 | D:9      | Found a deep blue altar of Sif Muna.
  2326 | D:9      | Found a burning altar of Makhleb.
  2327 | D:9      | Found a blossoming altar of Fedhas.
  2444 | D:10     | Entered Level 10 of the Dungeon
  2444 | D:10     | Noticed a hill giant
  2465 | D:10     | Killed a hill giant
  2523 | D:11     | Noticed Maurice
  2531 | D:11     | Reached skill level 19 in Axes
  2537 | D:11     | Killed Maurice
  2550 | D:11     | Noticed a hill giant
  2626 | D:10     | Reached **** piety under Trog
  2655 | D:10     | Found Zoasa Bauk's Assorted Antiques.
  2663 | D:10     | Bought a lumpy grey potion for 28 gold pieces
  2663 | D:10     | Bought a scroll labeled CAFEKI QIMO for 32 gold pieces
  2663 | D:10     | Bought a purple potion for 28 gold pieces
  2664 | D:10     | Noticed a hill giant
  2676 | D:10     | Killed a hill giant
  2676 | D:10     | Reached XP level 11. HP: 58/82 MP: 11/11
  2717 | D:11     | Found a frozen archway.
  2743 | IceCv    | Entered an ice cave
  2743 | IceCv    | Noticed SmoothCriminal's ghost (journeyman DsWn)
  2803 | D:11     | Noticed a hill giant
  2822 | D:11     | Killed a hill giant
  2822 | D:11     | Reached skill level 20 in Axes
  2923 | D:11     | Noticed a wizard
  2937 | D:11     | Killed a wizard
  2961 | D:12     | Found a staircase to the Orcish Mines.
  3055 | D:12     | Noticed a deep elf mage
  3061 | D:12     | Killed a deep elf mage
  3061 | D:12     | Reached skill level 21 in Axes
  3090 | Orc:1    | Entered Level 1 of the Orcish Mines
  3231 | Orc:1    | Found Has Adyo's Book Emporium.
  3297 | Orc:2    | Entered Level 2 of the Orcish Mines
  3297 | Orc:2    | Noticed an orc sorcerer
  3304 | Orc:2    | Killed an orc sorcerer
  3373 | Orc:2    | Reached ***** piety under Trog
  3389 | Orc:2    | Found Ubigamyu's Weapon Shoppe.
  3391 | Orc:2    | Noticed an orc sorcerer
  3406 | Orc:2    | Killed an orc sorcerer
  3553 | Orc:2    | Noticed Rupert
  3582 | Orc:2    | Killed Rupert
  3582 | Orc:2    | Reached skill level 22 in Axes
  3582 | Orc:2    | Reached XP level 12. HP: 71/90 MP: 12/12
  3611 | Orc:2    | Noticed 4thArraOfDagon's ghost (journeyman HOBe)
  3630 | Orc:2    | Found Sanus's Gadget Shop.
  3632 | Orc:2    | Found Mausidet's Antique Weapon Boutique.
  3644 | Orc:2    | Killed 4thArraOfDagon's ghost
  3672 | Orc:2    | Found a flickering gateway to a bazaar.
  3685 | Bazaar   | Entered a bazaar
  3685 | Bazaar   | Found Qiczi's Weapon Boutique.
  3685 | Bazaar   | Found Vepidil's Weapon Boutique.
  3709 | Bazaar   | Found Fifokhleo's Magic Scroll Shop.
  3747 | Bazaar   | Found Pun Empekli's Antique Armour Boutique.
  3755 | Bazaar   | Bought a pair of brightly glowing gloves for 256 gold pieces
  3765 | Bazaar   | Identified the cursed +0 pair of gloves of Vitrux {Dex+5 Stlth+} (You bought it in a shop in a bazaar)
  3802 | Bazaar   | Bought a scroll of blinking for 52 gold pieces
  3802 | Bazaar   | Bought a scroll of teleportation for 21 gold pieces
  3802 | Bazaar   | Bought a scroll of enchant weapon for 52 gold pieces
  3802 | Bazaar   | Bought a scroll of identify for 14 gold pieces
  3802 | Bazaar   | Bought a scroll of remove curse for 21 gold pieces
  3850 | Orc:2    | Found a staircase to the Elven Halls.
  3930 | Orc:2    | Reached skill level 23 in Axes
  3982 | Orc:2    | Noticed an ogre mage
  4001 | Orc:2    | Killed an ogre mage
  4066 | Orc:2    | Found Hutuock's Weapon Shop.
  4132 | Orc:2    | Found Jimn's Assorted Antiques.
  4147 | Orc:2    | Found Xiabemed's General Store.
  4223 | Orc:2    | Found Nynam's Food Boutique.
  4224 | Orc:2    | Noticed an ogre mage
  4274 | Orc:2    | Reached skill level 24 in Axes
  4368 | Orc:2    | Reached XP level 13. HP: 30/96 MP: 13/13
  4445 | Orc:2    | Bought 2 potions of cancellation for 288 gold pieces
  4445 | Orc:2    | Bought a scroll of enchant armour for 135 gold pieces
  4445 | Orc:2    | Bought a scroll of identify for 36 gold pieces
  4445 | Orc:2    | Bought a scroll of identify for 36 gold pieces
  4451 | Orc:2    | Bought a murky coppery potion for 25 gold pieces
  4453 | Orc:2    | Bought a lumpy grey potion for 25 gold pieces
  4475 | Orc:2    | Gained mutation: You are occasionally teleported next to monsters. [potion of mutation]
  4475 | Orc:2    | Gained mutation: Scrolls take you a little longer to read. [potion of mutation]
  4475 | Orc:2    | Gained mutation: You possess an exceptional clarity of mind. [potion of mutation]
  4476 | Orc:2    | Gained mutation: You are partially covered in icy blue scales (AC +1). [potion of mutation]
  4476 | Orc:2    | Gained mutation: Your system is resistant to poisons. [potion of mutation]
  4476 | Orc:2    | Gained mutation: You are partially covered in yellow scales (AC +2). [potion of mutation]
  4477 | Orc:2    | Gained mutation: You are resistant to electric shocks. [potion of mutation]
  4477 | Orc:2    | Gained mutation: You tend to lose your temper in combat. [potion of mutation]
  4478 | Orc:2    | Lost mutation: You are partially covered in yellow scales (AC +2). [potion of mutation]
  4478 | Orc:2    | Gained mutation: You are resistant to hostile enchantments. [potion of mutation]
  4644 | Orc:2    | Bought a scroll labeled VOBAYM VIOPRUH for 28 gold pieces
  4678 | D:13     | Found a gate to the Vaults.
  4678 | D:13     | Noticed Norris
  4678 | D:13     | Noticed Donald
  4678 | D:13     | Noticed Frances
  4718 | D:12     | Killed Donald
  5211 | Lair:1   | Entered Level 1 of the Lair of Beasts
  5229 | Lair:1   | Reached skill level 25 in Axes
  5313 | Lair:1   | Noticed Urug
  5328 | Lair:1   | Killed Urug
  5711 | Lair:3   | Received a gift from Trog
  5845 | Lair:3   | Found a dark tunnel.
  5850 | Volcano  | Entered a volcano
  5888 | Volcano  | Found a radiant altar of Vehumet.
  5888 | Volcano  | Noticed a fire dragon
  5925 | Volcano  | Killed a fire dragon
  5925 | Volcano  | Reached skill level 26 in Axes
  6196 | Lair:5   | Reached skill level 5 in Fighting
  6196 | Lair:5   | Reached XP level 14. HP: 104/107 MP: 11/14
  6211 | Lair:5   | Found a staircase to the Snake Pit.
  6264 | Lair:5   | Reached skill level 5 in Armour
  6270 | Lair:5   | Found a staircase to the Shoals.
  6629 | Lair:8   | Entered Level 8 of the Lair of Beasts
  6903 | Lair:8   | Received a gift from Trog
  7371 | Shoals:1 | Entered Level 1 of the Shoals
  7424 | Shoals:2 | Reached skill level 10 in Fighting
  7603 | Shoals:3 | Reached XP level 15. HP: 128/128 MP: 15/15
  7605 | Shoals:3 | Noticed Jorgrun
  7613 | Shoals:3 | Killed Jorgrun
  7731 | Shoals:3 | Reached skill level 10 in Armour
  7736 | Shoals:3 | Received a gift from Trog
  7744 | Shoals:4 | Entered Level 4 of the Shoals
  7825 | Shoals:4 | Noticed Chiseanne's ghost (adept DsMo)
  7842 | Shoals:4 | Killed Chiseanne's ghost
  7872 | Shoals:4 | Slain by a merfolk

Vault maps used:
D:1:      lightli_arrival_quake
D:2:      lemuel_crystal_altar, cheibriados_altar_1, nicolae_gozag_seed_capital,
          lemuel_round_altar, uniq_iyjb
D:3:      xom_redecorated, uniq_grinder
D:4:      minmay_temple_entry_trees, serial_glass, glass_columns_a,
          glass_columns_b, glass_columns_a, glass_columns_a, glass_columns_a,
          glass_columns_a, glass_columns_a, glass_columns_b, uniq_robin,
          uniq_natasha, uniq_duvessa
D:5:      first_bread, nicolae_ru_awakened_eye
D:6:      nicolae_whirlpool, grunt_dithmenos_shadows,
          minmay_misc_feat_more_columns
D:7:      uniq_joseph, uniq_pikel
D:8:      basic_altar, uniq_gastronok, uniq_erica
D:9:      lightli_temple_of_fire, gammafunk_temple_overflow_forgotten,
          zin_scriptorium, lair_0_dummy, hangedman_tree_tricks,
          hangedman_abyss_or_decor_stagger, tso_altar
D:10:     serial_shops, shop
D:11:     portal_ice_cave_entry_imps, minmay_curled_crystal,
          lemuel_mausoleum_altar_kikubaaqudgha, uniq_maurice
D:12:     orc_0_dummy
D:13:     david_vaults_3, uniq_frances, uniq_azrael
Lair:1:   special_room, serial_bayou_ford_a, uniq_urug
Lair:2:   serial_bayou_shore_b
Lair:3:   nicolae_volcano_entry_s_turn
Lair:4:   beast_lair_carwin_1, infiniplex_staircase_pool_2, uniq_maud
Lair:5:   shoals_dummy_entry, minmay_snake_entry_six_corridors
Lair:6:   beast_lair_carwin_8, uniq_snorg
Lair:8:   hangedman_lair_in_review, hangedman_lair_caniforms_friends,
          slime_dummy, basic_altar, grunt_forest_large_clearings
Shoals:1: kb_tengu_band, uniq_donald
Shoals:2: nicolae_shoals_dead_sea_scrolls
Shoals:3: uniq_jorgrun
Shoals:4: shoals_end_hangedman, shoals_ilsuiw_ice, serial_shops,
          nicolae_shop_window_shopping, uniq_polyphemus
Orc:1:    serial_shops, shop_coins
Orc:2:    st_orc_open, serial_shops, bzr_firewalk, shop, shop, shop,
          nicolae_shop_overgrown_old_shop, uniq_rupert
Bazaar:   bazaar_jpeg_ribbon
IceCv:    ice_cave_small_giant
Volcano:  volcano_lake

Skill      XL: |  1  2  3  4  5  6  7  8  9 10 11 12 13 14 15 |
---------------+----------------------------------------------+-----
Axes           | 5 6 7 8 10 12 14 16 19 22 24 26 | 26.0
Fighting       | 5 10 11 | 11.8
Armour         | 3 9 10 | 10.5
Dodging        | |  1.5

Action                   |  1- 3 |  4- 6 |  7- 9 | 10-12 | 13-15 || total
-------------------------+-------+-------+-------+-------+-------++-------
Melee: Hand axe          |    17 |   109 |   198 |   446 |    48 ||   818
       War axe           |       |       |       |    90 |       ||    90
       Broad axe         |       |       |       |       |   781 ||   781
       Executioner's axe |       |       |       |       |     2 ||     2
Invok: Berserk           |     1 |     5 |     8 |    16 |     4 ||    34
       Trog's Hand       |       |     2 |     2 |    13 |     8 ||    25
       Brothers in Arms  |       |       |       |     3 |     7 ||    10
 Abil: Evoke Flight      |       |       |       |       |     1 ||     1
Evoke: Wand              |       |     4 |       |       |     2 ||     6
  Use: Potion            |       |     2 |       |       |     4 ||     6
       Scroll            |       |     2 |     4 |     4 |    12 ||    22
 Stab: Distracted        |       |       |       |     2 |     2 ||     4
  Eat: Chunk             |       |     5 |     8 |    28 |    10 ||    51
       Meat ration       |       |       |     1 |       |     2 ||     3
       Fruit             |       |       |       |       |     3 ||     3
       Royal jelly       |       |       |       |       |     5 ||     5
